General information
- name: BNet
- type: Ladder team game (AT/RT)
- host: Battle.net
- saver: ROD-IS-BEST.EVE
map: GolemsInTheMist
- players: 8
- length: 41:24
- speed: Fast
- version: 1.26 W3XP
- replay type: Public
» download(456 KB)
Players
team 1 (winner)

»
Restless_Diesel (
purple | 19 APM | 785 actions | 41:24)
2 Archmage
1 Blizzard
1 Summon Water Elemental
1 Blood Mage
1 Flame Strike
» actions
| Assign group hotkey | 15 | |
| Basic commands | 36 | |
| Build / train | 43 | |
| Enter build submenu | 24 | |
| Enter hero's abilities submenu | 3 | |
| Right click | 211 | |
| Select / deselect | 282 | |
| Select group hotkey | 101 | |
| Use ability | 70 | |
785 total
» units
» upgrades
| Defend | 2 | |
| Lumber Harvesting | 1 | |
| Swords | 1 | |
| Plating | 2 | |
| Gunpowder | 1 | |
7 total
» buildings
| Altar of Kings | 2 | |
| Farm | 12 | |
| Barracks | 1 | |
| Lumber Mill | 1 | |
| Blacksmith | 1 | |
| Keep | 1 | |
| Arcane Vault | 1 | |
| Castle | 1 | |
| Scout Tower | 7 | |
| Gryphon Aviary | 3 | |
| Guard Tower | 2 | |
| Town Hall | 3 | |
35 total
» build order
00:36 Altar of Kings
00:41 Farm
00:51 Barracks
01:24 Farm
01:26 Farm
02:09 Farm
02:14 Farm
02:16 Farm
02:17 Farm
02:19 Farm
02:21 Farm
03:30 Lumber Mill
03:52 Blacksmith
04:15 Keep
04:36 Farm
04:37 Farm
04:38 Farm
05:39 Arcane Vault
08:31 Castle
09:12 Scout Tower
09:12 Scout Tower
09:14 Scout Tower
09:15 Scout Tower
09:16 Scout Tower
09:17 Scout Tower
09:19 Scout Tower
10:38 Gryphon Aviary
10:42 Gryphon Aviary
10:51 Gryphon Aviary
10:59 Guard Tower
11:12 Guard Tower
13:50 Town Hall
14:03 Town Hall
16:48 Town Hall
18:42 Altar of Kings
» items
WarriorsDance (
orange | 101 APM | 3461 actions | 34:24)
10 Archmage
3 Summon Water Elemental
3 Brilliance Aura
1 Mass Teleport
3 Blizzard
» actions
| Assign group hotkey | 479 | |
| Basic commands | 169 | |
| Build / train | 85 | |
| Enter build submenu | 42 | |
| Enter hero's abilities submenu | 10 | |
| Give item / drop item | 3 | |
| Remove unit from queue | 1 | |
| Right click | 1023 | |
| Select / deselect | 595 | |
| Select group hotkey | 891 | |
| Use ability | 162 | |
3461 total
» units
| Peasant | 12 | |
| Footman | 5 | |
| Goblin Shredder | 5 | |
| Goblin Zeppelin | 5 | |
| Gryphon Rider | 5 | |
| Dragonhawk Rider | 1 | |
| Goblin Sapper | 5 | |
38 total
» upgrades
| Masonry | 3 | |
| Swords | 3 | |
| Armor | 3 | |
| Storm Hammers | 1 | |
| Animal War Training | 1 | |
| Cloud | 1 | |
12 total
» buildings
| Altar of Kings | 1 | |
| Barracks | 1 | |
| Farm | 13 | |
| Keep | 1 | |
| Arcane Vault | 1 | |
| Lumber Mill | 2 | |
| Blacksmith | 1 | |
| Gryphon Aviary | 4 | |
| Castle | 1 | |
| Town Hall | 3 | |
| Scout Tower | 20 | |
| Guard Tower | 6 | |
54 total
» build order
00:36 Altar of Kings
00:38 Barracks
00:51 Farm
01:05 Farm
01:07 Farm
01:36 Farm
01:37 Farm
03:12 Farm
03:40 Keep
04:02 Arcane Vault
04:04 Lumber Mill
04:12 Farm
05:41 Blacksmith
06:08 Gryphon Aviary
06:11 Gryphon Aviary
06:15 Castle
07:07 Farm
08:25 Town Hall
08:56 Scout Tower
08:58 Scout Tower
08:59 Scout Tower
10:15 Guard Tower
11:34 Scout Tower
11:35 Scout Tower
11:35 Scout Tower
11:36 Scout Tower
12:02 Gryphon Aviary
12:05 Gryphon Aviary
13:01 Guard Tower
13:47 Farm
13:48 Farm
13:49 Farm
13:50 Scout Tower
13:50 Scout Tower
15:29 Guard Tower
20:18 Lumber Mill
20:50 Farm
20:53 Farm
21:36 Town Hall
21:39 Scout Tower
21:39 Scout Tower
21:40 Scout Tower
21:40 Scout Tower
21:41 Scout Tower
21:42 Scout Tower
21:42 Scout Tower
21:43 Scout Tower
21:51 Town Hall
22:25 Guard Tower
22:38 Guard Tower
22:41 Scout Tower
22:44 Scout Tower
23:49 Guard Tower
» items
| Scroll of Regeneration | 4 | |
| Potion of Healing | 5 | |
| Scroll of Town Portal | 3 | |
| Staff of Sanctuary | 1 | |
| Mechanical Critter | 2 | |
15 total

»
Your_Mom (
yellow | 13 APM | 533 actions | 41:24)
2 Paladin
1 Divine Shield
1 Devotion Aura
» actions
| Assign group hotkey | 2 | |
| Basic commands | 6 | |
| Build / train | 72 | |
| Enter build submenu | 12 | |
| Enter hero's abilities submenu | 3 | |
| Right click | 169 | |
| Select / deselect | 232 | |
| Use ability | 37 | |
533 total
» units
| Peasant | 11 | |
| Siege Engine | 7 | |
| Mortar Team | 22 | |
| Wisp | 4 | |
44 total
» upgrades
| Masonry | 3 | |
| Lumber Harvesting | 2 | |
| Gunpowder | 3 | |
| Plating | 3 | |
| Barrage | 1 | |
| Fragmentation Shards | 1 | |
| Flare | 1 | |
14 total
» buildings
| Altar of Kings | 1 | |
| Lumber Mill | 1 | |
| Farm | 13 | |
| Scout Tower | 8 | |
| Guard Tower | 8 | |
| Keep | 1 | |
| Blacksmith | 1 | |
| Arcane Vault | 1 | |
| Workshop | 3 | |
| Castle | 1 | |
| Tree of Life | 1 | |
39 total
» build order
00:35 Altar of Kings
00:50 Lumber Mill
00:59 Farm
01:00 Farm
01:01 Farm
01:03 Farm
01:05 Farm
01:06 Farm
01:09 Farm
01:11 Farm
01:12 Farm
02:32 Scout Tower
02:33 Scout Tower
02:35 Scout Tower
02:36 Scout Tower
02:37 Scout Tower
02:39 Scout Tower
02:40 Scout Tower
02:41 Scout Tower
03:04 Guard Tower
03:29 Guard Tower
04:04 Keep
04:17 Guard Tower
04:28 Guard Tower
04:50 Guard Tower
05:20 Guard Tower
05:29 Blacksmith
05:45 Guard Tower
06:10 Guard Tower
06:23 Arcane Vault
06:37 Farm
06:38 Farm
06:39 Farm
06:41 Farm
07:25 Workshop
09:17 Workshop
09:42 Castle
10:37 Workshop
27:01 Tree of Life
» items

»
MarkVC (
teal | 46 APM | 778 actions | 16:49)
3 Keeper of the Grove
1 Force of Nature
1 Entangling Roots
1 Thorns Aura
1 Priestess of the Moon
1 Trueshot Aura
» actions
| Assign group hotkey | 28 | |
| Basic commands | 91 | |
| Build / train | 54 | |
| Enter build submenu | 29 | |
| Enter hero's abilities submenu | 4 | |
| Give item / drop item | 1 | |
| Right click | 176 | |
| Select / deselect | 179 | |
| Select group hotkey | 161 | |
| Use ability | 55 | |
778 total
» units
| Wisp | 25 | |
| Archer | 4 | |
| Huntress | 1 | |
| Hippogryph | 5 | |
| Goblin Zeppelin | 1 | |
| Goblin Shredder | 1 | |
37 total
» upgrades
| Ultravision | 1 | |
| Improved Bows | 1 | |
| Sentinel | 1 | |
| Nature's Blessing | 1 | |
4 total
» buildings
| Moon Well | 7 | |
| Altar of Elders | 1 | |
| Ancient of War | 2 | |
| Ancient of Wonders | 1 | |
| Tree of Life | 2 | |
| Tree of Ages | 2 | |
| Hunter's Hall | 1 | |
| Ancient Protector | 10 | |
| Ancient of Wind | 2 | |
28 total
» build order
00:37 Moon Well
00:41 Altar of Elders
01:02 Ancient of War
01:32 Moon Well
02:14 Ancient of War
02:28 Ancient of Wonders
03:43 Moon Well
04:22 Tree of Life
04:45 Tree of Ages
05:20 Hunter's Hall
05:25 Moon Well
05:53 Moon Well
06:00 Moon Well
06:53 Ancient Protector
09:19 Ancient of Wind
09:21 Ancient of Wind
09:46 Ancient Protector
09:52 Ancient Protector
10:33 Moon Well
12:11 Tree of Life
12:20 Ancient Protector
12:31 Ancient Protector
13:14 Ancient Protector
13:20 Ancient Protector
15:07 Ancient Protector
15:11 Ancient Protector
15:21 Ancient Protector
16:41 Tree of Ages
» items
| Lesser Clarity Potion | 3 | |
| Moonstone | 1 | |
| Scroll of Town Portal | 1 | |
5 total
team 2 (loser)
MoarApeeEms (
red | 1340 APM | 55363 actions | 41:19)
6 Death Knight
3 Death Coil
3 Unholy Aura
4 Lich
2 Frost Nova
2 Frost Armor
» actions
| Assign group hotkey | 28 | |
| Basic commands | 137 | |
| Build / train | 112 | |
| ESC pressed | 5 | |
| Enter build submenu | 45 | |
| Enter hero's abilities submenu | 10 | |
| Give item / drop item | 2 | |
| Right click | 54118 | |
| Select / deselect | 362 | |
| Select group hotkey | 397 | |
| Use ability | 147 | |
55363 total
» units
| Acolyte | 10 | |
| Ghoul | 4 | |
| Crypt Fiend | 7 | |
| Goblin Shredder | 1 | |
| Obsidian Statue | 2 | |
| Frost Wyrm | 5 | |
29 total
» upgrades
| Creature Attack | 3 | |
| Creature Carapace | 3 | |
| Backpack | 2 | |
| Web | 1 | |
| Burrow | 1 | |
| Destroyer Form | 1 | |
| Freezing Breath | 1 | |
| Necromancer Training | 2 | |
| Banshee Training | 2 | |
| Skeletal Longevity | 1 | |
| Skeletal Mastery | 1 | |
| Ghoul Frenzy | 1 | |
| Cannibalize | 1 | |
| Stone Form | 1 | |
| Exhume Corpses | 1 | |
| Disease Cloud | 1 | |
| Unholy Strength | 3 | |
| Unholy Armor | 3 | |
29 total
» buildings
| Altar of Darkness | 2 | |
| Ziggurat | 23 | |
| Graveyard | 1 | |
| Tomb of Relics | 1 | |
| Nerubian Tower | 3 | |
| Crypt | 2 | |
| Necropolis | 3 | |
| Halls of the Dead | 2 | |
| Spirit Tower | 26 | |
| Black Citadel | 3 | |
| Sacrificial Pit | 1 | |
| Slaughterhouse | 1 | |
| Boneyard | 2 | |
| Temple of the Damned | 1 | |
71 total
» build order
00:05 Altar of Darkness
00:07 Altar of Darkness
00:09 Ziggurat
00:35 Graveyard
00:55 Tomb of Relics
01:05 Nerubian Tower
01:22 Crypt
01:26 Crypt
01:42 Ziggurat
03:20 Ziggurat
07:03 Necropolis
07:10 Ziggurat
08:30 Ziggurat
08:30 Ziggurat
08:32 Ziggurat
09:15 Halls of the Dead
09:18 Spirit Tower
09:32 Spirit Tower
09:34 Nerubian Tower
09:34 Spirit Tower
09:34 Spirit Tower
09:36 Ziggurat
10:37 Spirit Tower
11:29 Necropolis
11:41 Black Citadel
11:41 Black Citadel
13:02 Sacrificial Pit
13:22 Slaughterhouse
13:54 Ziggurat
13:59 Ziggurat
14:08 Ziggurat
14:33 Boneyard
14:34 Boneyard
14:49 Spirit Tower
14:49 Spirit Tower
14:51 Spirit Tower
14:51 Spirit Tower
14:52 Spirit Tower
15:00 Spirit Tower
15:01 Spirit Tower
15:01 Spirit Tower
16:08 Ziggurat
16:10 Ziggurat
16:57 Ziggurat
17:01 Spirit Tower
17:01 Spirit Tower
17:11 Spirit Tower
17:15 Spirit Tower
17:15 Spirit Tower
18:11 Temple of the Damned
18:33 Spirit Tower
21:58 Necropolis
24:05 Ziggurat
24:07 Ziggurat
24:08 Ziggurat
24:10 Ziggurat
24:11 Ziggurat
24:14 Ziggurat
24:16 Ziggurat
» items
| Rod of Necromancy | 1 | |
| Scroll of Town Portal | 2 | |
| Potion of Healing | 1 | |
| Orb of Lightning | 1 | |
| Potion of Mana | 1 | |
6 total
ROD-IS-BEST.EVE (
pink | 57 APM | 2342 actions | 41:24)
5 Blademaster
3 Wind Walk
2 Critical Strike
» actions
| Assign group hotkey | 94 | |
| Basic commands | 108 | |
| Build / train | 66 | |
| Enter build submenu | 20 | |
| Enter hero's abilities submenu | 5 | |
| Give item / drop item | 3 | |
| Right click | 868 | |
| Select / deselect | 246 | |
| Select group hotkey | 780 | |
| Use ability | 152 | |
2342 total
» units
| Peon | 9 | |
| Goblin Shredder | 9 | |
| Troll Batrider | 8 | |
| Goblin Sapper | 4 | |
| Goblin Zeppelin | 1 | |
| Raider | 3 | |
34 total
» upgrades
| Ranged Weapons | 3 | |
| Armor | 3 | |
| Liquid Fire | 1 | |
| Reinforced Defenses | 1 | |
| Ensnare | 1 | |
| Melee Weapons | 2 | |
11 total
» buildings
| Altar of Storms | 1 | |
| Orc Burrow | 6 | |
| War Mill | 1 | |
| Voodoo Lounge | 1 | |
| Stronghold | 1 | |
| Watch Tower | 23 | |
| Beastiary | 2 | |
| Fortress | 2 | |
| Great Hall | 1 | |
38 total
» build order
00:14 Altar of Storms
00:24 Orc Burrow
00:59 War Mill
01:29 Voodoo Lounge
02:47 Stronghold
02:54 Orc Burrow
03:00 Watch Tower
03:01 Watch Tower
03:23 Watch Tower
04:35 Orc Burrow
04:53 Orc Burrow
04:54 Orc Burrow
05:12 Beastiary
05:14 Beastiary
05:24 Orc Burrow
06:09 Fortress
06:09 Fortress
09:41 Watch Tower
09:43 Watch Tower
09:44 Watch Tower
09:44 Watch Tower
10:25 Watch Tower
10:25 Watch Tower
10:26 Watch Tower
12:21 Watch Tower
12:21 Watch Tower
14:51 Watch Tower
14:51 Watch Tower
14:51 Watch Tower
14:52 Watch Tower
14:52 Watch Tower
20:32 Watch Tower
20:33 Watch Tower
20:33 Watch Tower
20:34 Watch Tower
20:46 Watch Tower
20:48 Watch Tower
24:16 Great Hall
» items
| Healing Salve | 2 | |
| Lesser Clarity Potion | 2 | |
| Orb of Lightning | 1 | |
| Scroll of Town Portal | 1 | |
| Tiny Great Hall | 1 | |
7 total

»
Gohan (
blue | 37 APM | 827 actions | 22:16)
4 Archmage
2 Blizzard
2 Brilliance Aura
2 Mountain King
1 Storm Bolt
1 Bash
» actions
| Build / train | 59 | |
| Enter build submenu | 23 | |
| Enter hero's abilities submenu | 6 | |
| Remove unit from queue | 1 | |
| Right click | 408 | |
| Select / deselect | 262 | |
| Use ability | 67 | |
827 total
» units
| Peasant | 22 | |
| Footman | 4 | |
| Dragonhawk Rider | 3 | |
| Gryphon Rider | 5 | |
34 total
» upgrades
| Lumber Harvesting | 2 | |
| Masonry | 2 | |
| Cloud | 1 | |
| Storm Hammers | 1 | |
6 total
» buildings
| Altar of Kings | 1 | |
| Farm | 10 | |
| Barracks | 1 | |
| Blacksmith | 1 | |
| Lumber Mill | 1 | |
| Keep | 1 | |
| Scout Tower | 6 | |
| Arcane Vault | 1 | |
| Guard Tower | 3 | |
| Castle | 1 | |
| Gryphon Aviary | 3 | |
| Arcane Tower | 1 | |
| Town Hall | 5 | |
35 total
» build order
01:08 Altar of Kings
01:11 Farm
01:31 Barracks
01:46 Farm
02:06 Blacksmith
02:38 Farm
02:39 Farm
02:43 Lumber Mill
03:04 Farm
03:05 Farm
04:02 Keep
04:23 Scout Tower
04:24 Scout Tower
04:29 Arcane Vault
05:10 Guard Tower
05:21 Guard Tower
05:29 Scout Tower
05:30 Scout Tower
05:32 Scout Tower
05:33 Scout Tower
07:10 Castle
07:19 Gryphon Aviary
07:20 Gryphon Aviary
07:23 Gryphon Aviary
07:47 Arcane Tower
07:48 Guard Tower
08:37 Town Hall
08:43 Town Hall
08:58 Farm
08:59 Farm
08:59 Farm
09:00 Farm
14:11 Town Hall
19:45 Town Hall
20:17 Town Hall
» items
| Scroll of Regeneration | 1 | |
| Orb of Fire | 2 | |
| Scroll of Town Portal | 1 | |
| Potion of Healing | 1 | |
5 total
fung (
green | 21 APM | 877 actions | 41:24)
7 Mountain King
2 Thunder Clap
3 Storm Bolt
1 Bash
1 Avatar
» actions
| Basic commands | 8 | |
| Build / train | 57 | |
| Enter build submenu | 24 | |
| Enter hero's abilities submenu | 7 | |
| Remove unit from queue | 1 | |
| Right click | 352 | |
| Select / deselect | 367 | |
| Use ability | 61 | |
877 total
» units
| Peasant | 9 | |
| Footman | 12 | |
| Knight | 9 | |
| Priest | 9 | |
| Goblin Zeppelin | 1 | |
40 total
» upgrades
| Defend | 1 | |
| Lumber Harvesting | 1 | |
| Animal War Training | 1 | |
| Priest Training | 2 | |
| Swords | 1 | |
| Plating | 1 | |
7 total
» buildings
| Altar of Kings | 1 | |
| Barracks | 2 | |
| Farm | 14 | |
| Blacksmith | 1 | |
| Keep | 1 | |
| Lumber Mill | 1 | |
| Castle | 1 | |
| Arcane Vault | 1 | |
| Arcane Sanctum | 1 | |
| Town Hall | 1 | |
24 total
» build order
00:16 Altar of Kings
00:29 Barracks
00:38 Farm
00:53 Farm
02:22 Farm
02:59 Farm
03:48 Blacksmith
04:48 Keep
05:02 Lumber Mill
05:28 Farm
05:32 Farm
06:14 Farm
07:15 Castle
07:20 Arcane Vault
08:29 Arcane Sanctum
10:06 Farm
10:47 Farm
11:28 Farm
12:09 Barracks
13:44 Town Hall
15:11 Farm
19:12 Farm
20:28 Farm
23:12 Farm
Chat log
(00:11 / All) MarkVC: weres goku gohan?
(00:19 / All) Gohan: taken
(00:20 / All) ROD-IS-BEST.EVE: GOKU WOULD FUCK UP GOHAN
(00:23 / All) MarkVC: omfg
(00:26 / All) MarkVC: dam pikolo
(00:33 / Allies) fung: units/
(00:37 / Allies) Gohan: wanna rush?
(00:40 / Allies) ROD-IS-BEST.EVE: CC
(00:43 / Allies) Gohan: ok
(00:45 / Allies) fung: ok
(00:47 / All) ROD-IS-BEST.EVE: why have account named ur mom yellow
(00:52 / All) ROD-IS-BEST.EVE: that isn't noble
(00:53 / Allies) Gohan: gryphs d hawks
(01:03 / Allies) ROD-IS-BEST.EVE: we got aa somebody getmelee
(01:11 / Allies) fung: ill gets melee
(01:21 / All) WarriorsDance: wittle baby gonna cry|?!@|!|
(01:59 / Allies) ROD-IS-BEST.EVE: green can u help me get shredder in 3 min?
(02:06 / Allies) fung: ye
(02:29 / All) ROD-IS-BEST.EVE: i still think that the real life actor for gimli is really a dwarf in real life
(02:36 / All) ROD-IS-BEST.EVE: no way can he be a tall normal sized person in real life
(02:39 / All) ROD-IS-BEST.EVE: he looks small as shit
(02:43 / All) WarriorsDance: John Rhy Davies
(02:49 / Allies) fung: Dont dis Gimli >:I
(03:37 / Allies) fung: ?!
(03:38 / Allies) Gohan: ?
(03:40 / Allies) fung: what
(03:44 / Allies) MoarApeeEms: yeah
(03:45 / Allies) ROD-IS-BEST.EVE: come green
(03:47 / Allies) ROD-IS-BEST.EVE: lets get shredder
(03:49 / Allies) MoarApeeEms: I need apems
(04:03 / Allies) fung: apems?
(04:10 / Allies) MoarApeeEms: ya
(04:37 / Allies) Gohan: ok lets get it
(05:59 / Allies) ROD-IS-BEST.EVE: come green lets creep
(06:09 / Allies) MoarApeeEms: I'm expoing here
(06:48 / Allies) ROD-IS-BEST.EVE: u want stone?
(06:54 / Allies) Gohan: ya please
(06:56 / Allies) MoarApeeEms: sure
(06:58 / Allies) ROD-IS-BEST.EVE: talking to red lawl
(07:00 / Allies) MoarApeeEms: you have brillaince aura faggot
(07:40 / Allies) ROD-IS-BEST.EVE: gold plz
(07:43 / Allies) ROD-IS-BEST.EVE: im gonna bat teals expo
(07:44 / Allies) ROD-IS-BEST.EVE: real quick
(08:25 / Allies) ROD-IS-BEST.EVE: green come
(08:26 / Allies) ROD-IS-BEST.EVE: here
(09:37 / Allies) Gohan: ty
(10:12 / Allies) ROD-IS-BEST.EVE: blue go creep
(13:22 / Allies) ROD-IS-BEST.EVE: gold plz
(14:13 / Allies) Gohan: tanks fuck
(14:13 / Allies) ROD-IS-BEST.EVE: can i epxo there blue
(14:21 / Allies) MoarApeeEms: come
(14:34 / Allies) Gohan: im defeding my expo
(14:47 / Allies) Gohan: purple and orang
(15:02 / Allies) fung: Red
(15:05 / Allies) fung: Go help blur
(15:23 / Allies) fung: amke units bro
(15:44 / Allies) Gohan: no tp?
(15:45 / Allies) fung: Red go help blue
(15:53 / Allies) fung: i cant go
(16:03 / Allies) fung: cause ill get murdered
(16:14 / Allies) fung: RED HELP BLUE
(16:19 / Allies) fung: what dont u get -.
(16:21 / Allies) MoarApeeEms: make me faggot
(16:32 / All) ROD-IS-BEST.EVE: that was dumb lawl
(17:11 / Allies) Gohan: TP
(17:12 / Allies) Gohan: SOMEON E ONMFG
(17:20 / Allies) fung: get your workers out of ther
(17:34 / Allies) fung: make workers run
(17:38 / Allies) fung: dude -.
(18:09 / Allies) ROD-IS-BEST.EVE: lets kill his base rod
(18:10 / Allies) ROD-IS-BEST.EVE: yellows
(18:17 / Allies) MoarApeeEms: i got it towered come
(19:45 / Allies) ROD-IS-BEST.EVE: help ur base rod gogo
(20:53 / Allies) Gohan: orange still has someone here
(20:59 / Allies) Gohan: he is buying mercenaries
(21:34 / Allies) Gohan: pink wtf
(21:36 / Allies) Gohan: i need a base
(21:37 / All) ROD-IS-BEST.EVE: lawl
(21:38 / Allies) Gohan: let me expo
(21:39 / All) ROD-IS-BEST.EVE: no u dont blue
(21:41 / Allies) Gohan: or at least cancel
(21:42 / All) ROD-IS-BEST.EVE: u have proven unreliable
(21:55 / Allies) fung: its ok :P
(22:16 / Allies) fung: pink attack teal
(22:22 / Allies) fung: He lost a win :P
(23:34 / All) MoarApeeEms: I hope my APM this game tears yours a new asshole
(23:37 / Allies) fung: meed AA
(23:41 / All) ROD-IS-BEST.EVE: lawl
(23:49 / All) MoarApeeEms: been spamming like a motherfucker
(25:39 / All) ROD-IS-BEST.EVE: green doenst have a tp
(26:15 / All) ROD-IS-BEST.EVE: standoff? green has lots of games
(26:17 / All) ROD-IS-BEST.EVE: so does prup
(26:24 / All) MoarApeeEms: TOO MCUH SPAM I CANT HANDLE A STANDOFF
(26:39 / All) ROD-IS-BEST.EVE: lets get green to leave then
(27:47 / All) MoarApeeEms: I HOPE I HAVE %)%#(!@%*!%(!%#%()!%*() APm,
(27:59 / All) ROD-IS-BEST.EVE: talking dont help it
(28:02 / All) fung: ehh kill me
(28:45 / All) MoarApeeEms: LEAVE GREEN YOU LOST FAG
(28:48 / Allies) fung: no :P
(28:53 / Allies) fung: i dont leave till the games over
(28:54 / All) MoarApeeEms: I GUARANTEE I HAVE 500* YOUR APM
(29:01 / Allies) MoarApeeEms: IT"S OVER MAN GAME OVER
(29:02 / All) ROD-IS-BEST.EVE: green said
(29:06 / All) ROD-IS-BEST.EVE: he doesnt leave games til its over
(29:11 / All) fung: idc lose or win
(29:13 / All) ROD-IS-BEST.EVE: green can i tell you a secret
(29:14 / Allies) fung: i leave when it ends
(29:17 / All) WarriorsDance: standoff
(29:32 / All) ROD-IS-BEST.EVE: green will u stay if we kill all units in both sides and leave one building on each side?
(29:38 / Allies) fung: ye :P
(29:44 / Allies) fung: if im the last one ill leave
(29:44 / All) ROD-IS-BEST.EVE: ok cuz thats what we're gonna do
(29:49 / All) ROD-IS-BEST.EVE: me and orange and red are friends
(29:56 / Allies) fung: kool :D
(30:00 / All) ROD-IS-BEST.EVE: we're gonna give green, purple, and yellow equal chance at victory
(30:12 / All) ROD-IS-BEST.EVE: best internet connection/best computer wins
(30:15 / All) ROD-IS-BEST.EVE: most stable i mean
(30:25 / All) ROD-IS-BEST.EVE: spam rod
(30:26 / All) ROD-IS-BEST.EVE: lawl
(30:28 / All) ROD-IS-BEST.EVE: spam
(31:44 / All) ROD-IS-BEST.EVE: rod u get higher apm if u have 2 control groups
(31:50 / All) MoarApeeEms: I'M GONNA HAVE *(@$&*(!%&*(@$(!@%&**(%&!@&*(&*(%&*( RIGHTCLICKS
(32:08 / All) MoarApeeEms: I GOT 2 CONTROL GROUPS BRA
(32:14 / All) MoarApeeEms: RIGHTCLICKING IS ALL I NEED
(32:21 / All) MoarApeeEms: HOLA
(32:45 / All) MoarApeeEms: TURNCOAT YOUR SIDE IS DONE?
(32:48 / All) MoarApeeEms: TELL US
(32:57 / All) ROD-IS-BEST.EVE: almost done
(32:59 / All) WarriorsDance: except for my men
(33:06 / All) MoarApeeEms: LEAVE TOWERS SO I CAN SUICIDE
(33:16 / All) WarriorsDance: I need to kill my shit soon
(33:17 / All) WarriorsDance: really choppy
(34:08 / All) ROD-IS-BEST.EVE: check green for peasants
(34:12 / All) MoarApeeEms: I AM A PROFESSIONAL SPAMMER
(34:15 / All) fung: hurry u might run out of time :P
(34:23 / All) WarriorsDance: Good luck, everyone
(34:30 / All) ROD-IS-BEST.EVE: done?
(35:13 / All) MoarApeeEms: BOW DOWN EBFORE THE APM GOD
(36:05 / All) ROD-IS-BEST.EVE: lawl just A ur units
(36:14 / All) MoarApeeEms: I CANT SPAM IF I QUEUE A
(36:23 / All) ROD-IS-BEST.EVE: not que spam A
(36:50 / Allies) fung: Yo blue still has a building :P
(36:56 / All) ROD-IS-BEST.EVE: doesnt matter
(36:58 / All) ROD-IS-BEST.EVE: no food
(37:00 / All) ROD-IS-BEST.EVE: green
(37:06 / All) fung: aight
(37:11 / All) ROD-IS-BEST.EVE: like i said we're gonna leave both side siwth no units
(37:17 / Allies) fung: kool
(37:23 / All) ROD-IS-BEST.EVE: take control of my zep
(37:41 / All) Your_Mom: i dont get it.. is it chance?
(37:48 / All) MoarApeeEms: YES YOU HAVE A CHANCE STAY
(37:51 / All) ROD-IS-BEST.EVE: no like i said, person who leaves last gets a win
(37:55 / All) MoarApeeEms: EL SALVADOREAN STANDOFF
(37:56 / All) ROD-IS-BEST.EVE: yes chance
(37:59 / All) ROD-IS-BEST.EVE: its a standoff
(38:05 / All) ROD-IS-BEST.EVE: this game could last a week if nobody leaves
(38:07 / All) ROD-IS-BEST.EVE: maybe longer
(38:10 / All) ROD-IS-BEST.EVE: its in ur hands now
(38:17 / All) fung: :D
(38:18 / All) MoarApeeEms: HOLA
(38:22 / All) MoarApeeEms: THIS STUF FWONT SDIE
(38:24 / All) ROD-IS-BEST.EVE: green says hes not gonna leave no matte rwhat
(38:33 / All) ROD-IS-BEST.EVE: dont kill alst tower
(38:34 / All) ROD-IS-BEST.EVE: lawl
(38:42 / All) ROD-IS-BEST.EVE: use my towers rod
(38:43 / All) ROD-IS-BEST.EVE: lawl
(38:54 / All) MoarApeeEms: SPAMMING FUCKAWK AWJDHJ AHWDHAWU*(U* DU*(AWU*(U*( Q@#$U*()Q@U() Q@Q@$
(38:55 / All) Your_Mom: lol.. ok then.. i am going to bed.. and i cant play until wednesday
(39:03 / All) MoarApeeEms: GOOD SIR YOU CAN WIN IT ALL THEN
(39:04 / All) ROD-IS-BEST.EVE: keep ur internet onyellow?
(39:05 / All) MoarApeeEms: GOOD LUCK GOOD MAN
(39:13 / All) MoarApeeEms: QUEUE MY SHIT NOT YOUR TOWERS FAGGOT
(39:17 / All) Your_Mom: yeah its on all the time
(39:28 / All) ROD-IS-BEST.EVE: shit lawl
(39:31 / All) ROD-IS-BEST.EVE: i gave control
(39:32 / All) ROD-IS-BEST.EVE: to yellow
(39:40 / All) MoarApeeEms: KILL MY SHIT
(39:42 / All) MoarApeeEms: KILL IT
(39:51 / All) Your_Mom: good night
(39:52 / All) MoarApeeEms: GOOD WIORK
(39:54 / All) MoarApeeEms: NIGHT
(40:08 / All) fung: imma take a shower :P
(40:55 / All) ROD-IS-BEST.EVE: i think
(40:57 / All) ROD-IS-BEST.EVE: this sstandoff
(41:00 / All) ROD-IS-BEST.EVE: could last days
(41:02 / All) ROD-IS-BEST.EVE: i believe green
(41:12 / All) ROD-IS-BEST.EVE: and yello wand purple seem dedicated
(41:13 / All) MoarApeeEms: 1 ACO
(41:19 / All) MoarApeeEms: GL MY HADN FUADWAKCAKH GT&@$!$ &Y*@%U*(